 Dungeon Crawl Stone Soup version 0.21.0-24-g2553a33 (webtiles) character file.

12877 tidbits the Reanimator (level 12, -4/89 HPs)
             Began as a Gnoll Necromancer on Jan 20, 2018.
             Was a Priest of Cheibriados.
             Killed by divine providence
             ... invoked by an orc high priest
              (8 damage)
             ... on level 2 of the Orcish Mines.
             The game lasted 00:38:31 (3219 turns).

tidbits the Reanimator (Gnoll Necromancer)          Turns: 3219, Time: 00:38:32

Health: -4/89      AC: 13    Str: 20    XL:     12   Next: 0%
Magic:  17/24      EV: 20    Int: 29    God:    Cheibriados [***...]
Gold:   579        SH:  0    Dex: 26    Spells: 11/27 levels left

rFire    + . .     SeeInvis .   a - +7 lajatang of Wyrd {venom, rF+}
rCold    + . .     Gourm    .   (shield currently unavailable)
rNeg     . . .     Faith    .   B - +2 troll leather armour {Snorg}
rPois    .         Spirit   .   E - +2 hat
rElec    .         Reflect  .   C - +0 cloak (curse)
rCorr    .         Harm     .   G - +0 pair of gloves
MR       +....                  F - +0 pair of boots
Stlth    ++++......             (no amulet)
HPRegen  0.64/turn              z - ring of protection from cold
MPRegen  0.19/turn              I - ring of flight

@: very slow
A: distributed training, antennae 1, fangs 1, magic resistance 1, strong 1,
strong nose
a: Bend Time, Temporal Distortion, Renounce Religion, Evoke Flight


You were on level 2 of the Orcish Mines.
You worshipped Cheibriados.
Cheibriados was most pleased with you.
You were hungry.

You visited 3 branches of the dungeon, and saw 15 of its levels.
You also visited: Sewer.

You collected 1017 gold pieces.
You spent 438 gold pieces at shops.

Inventory:

Hand Weapons
 a - the +7 lajatang of Wyrd (weapon) {venom, rF+}
   (You acquired it on level 6 of the Dungeon)

   It poisons the flesh of those it strikes.
   It protects you from fire.
 b - the +7 hand axe of Calamity {pain, *Rage rF+ rC++ Int+4}
   (You found it on level 6 of the Dungeon)

   In the hands of one skilled in necromantic magic, it inflicts extra damage on
   living creatures.
   It affects your intelligence (+4).
   It protects you from fire.
   It greatly protects you from cold.
   It may make you go berserk in combat.
 d - a +0 short sword
 e - a +0 dagger of venom
   (You took it off a kobold on level 1 of the Dungeon)
 y - a +1 dagger of venom
   (You took it off a kobold on level 2 of the Dungeon)
 K - a +3 trident
 M - a +0 broad axe
 P - a +0 blowgun
 Q - a +2 short sword of draining
   (You took it off Sonja on level 11 of the Dungeon)
 X - a +2 war axe of flaming
   (You bought it in a shop on level 2 of the Orcish Mines)
 Y - a +1 war axe of venom
   (You took it off an orc priest on level 2 of the Orcish Mines)
 Z - a +2 hand axe of electrocution
   (You took it off an orc on level 2 of the Orcish Mines)
Missiles
 i - 21 sling bullets
 j - 30 arrows
 n - a throwing net (quivered) {!f}
 R - 7 curare-tipped needles
Armour
 f - a +0 troll leather armour {Purgy}
 h - a +0 ring mail
 u - a cursed +0 leather armour
 B - a +2 troll leather armour (worn) {Snorg}
 C - a cursed +0 cloak (worn)
 E - a +2 hat (worn)
 F - a +0 pair of boots (worn)
 G - a +0 pair of gloves (worn)
Magical Staves
 t - an uncursed staff of energy {unknown}
   (You found it on level 6 of the Dungeon)
 T - an uncursed staff of wizardry {unknown}
   (You found it on level 11 of the Dungeon)
Jewellery
 o - an uncursed ring of teleportation
   (You found it on level 2 of the Dungeon)
 z - a ring of protection from cold (left hand)
   (You found it on level 5 of the Dungeon)
 I - a ring of flight (right hand)
   (You found it on level 12 of the Dungeon)
Wands
 m - a wand of polymorph (3)
 w - a wand of enslavement (20)
 D - a wand of iceblast (5)
 W - a wand of flame (28)
Scrolls
 k - a scroll of amnesia
 l - a scroll of enchant weapon
 r - 2 scrolls of fog
 J - a scroll of torment
 N - a scroll of immolation
 U - 2 scrolls of magic mapping
Potions
 g - a potion of mutation {!q}
 s - 2 potions of brilliance
 v - a potion of curing
 x - 3 potions of degeneration
 H - a potion of flight
 L - 2 potions of ambrosia
 V - a potion of magic
Books
 p - a book of Cantrips
   (You found it on level 2 of the Dungeon)

   Spells                             Type                      Level
   a - Confusing Touch                Hexes                        1
   b - Animate Skeleton               Necromancy                   1
   c - Summon Small Mammal            Summoning                    1
   d - Apportation                    Translocation                1
 q - a book of Necromancy

   Spells                             Type                      Level
   a - Pain                           Necromancy                   1
   b - Animate Skeleton               Necromancy                   1
   c - Vampiric Draining              Necromancy                   3
   d - Regeneration                   Charms/Necromancy            3
   e - Animate Dead                   Necromancy                   4
   f - Borgnjor's Vile Clutch         Necromancy/Earth             5
 A - a book of Changes
   (You found it on level 11 of the Dungeon)

   Spells                             Type                      Level
   a - Beastly Appendage              Transmutation                1
   b - Sticks to Snakes               Transmutation                2
   c - Spider Form                    Transmutation/Poison         3
   d - Ice Form                       Ice/Transmutation            4
   e - Blade Hands                    Transmutation                5
 O - a book of Power
   (You found it on level 11 of the Dungeon)

   Spells                             Type                      Level
   a - Iskenderun's Battlesphere      Conjuration/Charms           5
   b - Venom Bolt                     Conjuration/Poison           5
   c - Bolt of Magma                  Conjuration/Fire/Earth       5
   d - Iron Shot                      Conjuration/Earth            6
   e - Orb of Destruction             Conjuration                  7
   f - Spellforged Servitor           Conjuration/Summoning        7
 S - a book of Maledictions
   (You found it on level 11 of the Dungeon)

   Spells                             Type                      Level
   a - Corona                         Hexes                        1
   b - Ensorcelled Hibernation        Hexes/Ice                    2
   c - Confuse                        Hexes                        3
   d - Tukima's Dance                 Hexes                        3
   e - Dazzling Spray                 Conjuration/Hexes            3
Comestibles
 c - 12 rations


   Skills:
 + Level 6.7 Fighting
 + Level 6.7 Short Blades
 + Level 6.7 Long Blades
 + Level 6.7 Axes
 + Level 6.7 Maces & Flails
 + Level 6.7 Polearms
 + Level 6.7 Staves
 + Level 6.7 Slings
 + Level 6.7 Bows
 + Level 6.7 Crossbows
 + Level 6.7 Throwing
 + Level 6.7 Armour
 + Level 8.2 Dodging
 + Level 8.0 Stealth
 + Level 6.7 Shields
 + Level 6.7 Unarmed Combat
 + Level 8.4 Spellcasting
 + Level 5.5 Conjurations
 + Level 5.5 Hexes
 + Level 5.5 Charms
 + Level 5.5 Summonings
 + Level 9.1 Necromancy
 + Level 5.5 Translocations
 + Level 5.5 Transmutations
 + Level 5.5 Fire Magic
 + Level 5.5 Ice Magic
 + Level 5.5 Air Magic
 + Level 5.5 Earth Magic
 + Level 5.5 Poison Magic
 + Level 7.3 Invocations
 + Level 6.7 Evocations


You had 11 spell levels left.
You knew the following spells:

 Your Spells              Type           Power        Failure   Level  Hunger
a - Pain                  Necr           ####         1%          1    None
d - Vampiric Draining     Necr           ######....   1%          3    None
k - Sticks to Snakes      Tmut           #####...     1%          2    None
n - Animate Skeleton      Necr           N/A          1%          1    None
r - Regeneration          Chrm/Necr      ######....   1%          3    None
v - Borgnjor's Vile Clut  Necr/Erth      ######....   7%          5    ####...
A - Apportation           Tloc           #####.       1%          1    None


Dungeon Overview and Level Annotations

Branches:
Dungeon (12/15)            Temple (1/1) D:5             Orc (2/2) D:9
    Elf (0/3) Orc:2
   Lair: D:8-11

Altars:
Ashenzari
Cheibriados
Elyvilon
Gozag
Hepliaklqana
Kikubaaqudgha
Sif Muna
Vehumet
Wu Jian
Xom

Shops:
D:5 [   D:6 *   D:12 !   Orc:2 [?(%

Annotations:
D:1 exclusion: dart slug


Innate Abilities, Weirdness & Mutations

Your experience applies equally to all skills.
You have very sharp teeth.
Your uncanny sense of smell can sniff out nearby items.
You have a pair of small antennae on your head.
You are resistant to hostile enchantments. (MR+)
Your muscles are strong. (Str +2)


Message History

You hit the orc warrior.
You kill the orc warrior!
Cheibriados appreciates the change of pace.
Your Stealth skill increases to level 8!
Your orc knight hits the orc priest with a glaive.
You closely miss the orc priest.
The orc priest is lightly wounded.
The orc priest closely misses you.
Unknown command.
You feel better.
Your orc knight hits the orc priest with a glaive!
The orc priest hits you with a dagger.
* * * LOW HITPOINT WARNING * * *
Unknown command.
You slash the orc priest!
You kill the orc priest!
Cheibriados thoroughly appreciates the change of pace.
What are your orders? t - Bark!
Orders for allies: a - Attack new target. p - Attack previous target. r - Retreat! s - Stop attacking. g - Guard the area. f - Follow me.
Anything else - Cancel.
Gang up on whom?
Press: ? - help, Dir - move target cursor, f - orc high priest, p - orc knight
Aim: an orc high priest, wielding a halberd (unusually strong) Attack!
Your orc knight hits the orc high priest from afar with a glaive!!
The orc high priest mumbles some strange prayers to Beogh.
Unknown command.
Unknown command.
Okay, then.
Unknown command.
Okay, then.
Unknown command.
Okay, then.
Unknown command.
Okay, then.
Evoke which item? (* to show all) (? for menu, Esc to quit)
Aiming: Iceblast
Press: ? - help, Shift-Dir - straight line, p - orc high priest
Okay, then.
Your orc knight hits the orc high priest with a glaive!
The sun demon hits your orc knight!
Your orc knight is engulfed in flames!
The orc warrior misses you.
The orc high priest prays to Beogh.
The sun demon hits your orc knight!!
Your orc knight dies!
You have reached level 12!
Your experience leads to an increase in your attributes!
Your base attributes are Str 10, Int 20, Dex 17.
Increase (S)trength, (I)ntelligence, or (D)exterity?
You feel clever.
You feel agile.
Unknown command.
Okay, then.
Okay, then.
Unknown command.
Unknown command.
Evoke which item? (* to show all) (? for menu, Esc to quit)
Aiming: Enslavement
Press: ? - help, Shift-Dir - straight line, f/p - orc high priest
Aim: an orc high priest, wielding a halberd (heavily wounded, unusually strong, chance to defeat MR: 31%)
The orc warrior is charmed.
The sun demon disappears in a puff of smoke!
The orc high priest mumbles some strange prayers to Beogh against you.
Beogh smites you!
* * * LOW HITPOINT WARNING * * *
Unknown command.
Unknown command.
Evoke which item? (* to show all) (? for menu, Esc to quit)
Aiming: Enslavement
Press: ? - help, Shift-Dir - straight line, f/p - orc high priest
Aim: an orc high priest, wielding a halberd (heavily wounded, unusually strong, chance to defeat MR: 31%)
The orc warrior is charmed.
Your orc warrior no longer looks unusually strong.
The orc high priest no longer looks unusually strong.
Your orc warrior misses the orc high priest.
Your orc warrior closely misses the orc high priest.
The red devil closely misses your orc warrior.
The orc high priest hits your orc warrior with a halberd!
What are your orders? t - Bark!
Orders for allies: a - Attack new target. p - Attack previous target. r - Retreat! s - Stop attacking. g - Guard the area. f - Follow me.
Anything else - Cancel.
Gang up on whom?
Press: ? - help, Dir - move target cursor, f/p - orc high priest
Aim: an orc high priest, wielding a halberd (heavily wounded) Attack!
The red devil hits you from afar with a trident.
* * * LOW HITPOINT WARNING * * *
Your orc warrior closely misses the orc high priest.
Your orc warrior hits the orc high priest with a mace of draining!!
Your orc warrior drains the orc high priest!
The red devil hits your orc warrior with a demon trident!
Unknown command.
The orc high priest invokes the aid of Beogh against you.
Beogh smites you!
You die...

## #............................
#............................
##.#.........)...............
###......∩......)...........
##...........4............
#........)4oo............
##.......).o3............
##.......#....).........
###...@.#.....[........
##......#######())##### ####
#.......# ##.))))..## ...#
##......# #.)#)))#..# ...###
##......# ##).)...)).## .....##
#.......# #.).#)†.#)..# ......#
##......###.....)..).)# ......#
#.......##....#))[#)...
.....#######.#...###....).)).)...


You could see an orc high priest, 2 red devils and 2 friendly orc warriors.

Vanquished Creatures
  Snorg (Orc:2)
  3 orc high priests
  Sonja (D:11)
  2 orc knights (Orc:2)
  The ghost of tidbits the Grave Robber, a novice GnNe of Cheibriados (D:9)
  An orc sorcerer (Orc:2)
  An ugly thing (D:11)
  A cyclops (Orc:2)
  A centaur zombie (D:6)
  2 centaur skeletons (D:11)
  4 trolls
  A steam dragon (D:11)
  2 hungry ghosts
  4 wargs
  A water moccasin (D:8)
  16 orc warriors
  Purgy (Sewer)
  A sky beast (D:11)
  A phantom (D:6)
  6 ogres
  A centaur (D:5)
  2 bullfrogs
  A gnoll sergeant (D:6)
  A wyvern skeleton (D:11)
  A scorpion (D:11)
  A howler monkey (D:5)
  4 crimson imps
  2 bullfrog zombies
  25 orc priests
  2 hounds
  6 orc wizards
  2 bullfrog skeletons
  2 iguanas
  2 worker ants
  A hound skeleton (D:11)
  A hound zombie (D:6)
  4 gnolls (D:6)
  5 adders
  2 shadow imps
  2 adder skeletons (D:4)
  A dart slug (D:2)
  5 leopard geckos
  63 orcs
  5 giant cockroaches
  3 goblins
  4 hobgoblins
  8 jackals
  4 quokkas
  7 bats
  3 frilled lizards
  10 kobolds
  4 rats
235 creatures vanquished.

Vanquished Creatures (collateral kills)
  An orc high priest (Orc:2)
  An orc warrior (Orc:2)
  2 orc priests (Orc:2)
  2 orcs (Orc:2)
6 creatures vanquished.

Vanquished Creatures (others)
  An orc knight (Orc:2)
  2 orc priests (Orc:2)
  An orc wizard (D:6)
  An orc (Orc:2)
5 creatures vanquished.

Grand Total: 246 creatures vanquished

Notes
Turn   | Place    | Note
-------+----------+-------------------------------------------
     0 | D:1      | tidbits the Gnoll Necromancer began the quest for the Orb.
     0 | D:1      | Reached XP level 1. HP: 13/13 MP: 6/6
    66 | D:1      | Reached XP level 2. HP: 2/19 MP: 0/7
   263 | D:2      | Reached skill level 5 in Spellcasting
   263 | D:2      | Reached XP level 3. HP: 2/25 MP: 5/9
   276 | D:2      | Learned a level 3 spell: Regeneration
   281 | D:2      | Learned a level 3 spell: Vampiric Draining
   283 | D:2      | Learned a level 1 spell: Animate Skeleton
   384 | D:2      | Learned a level 1 spell: Apportation
   436 | D:1      | Reached skill level 1 in Invocations
   555 | D:3      | Reached skill level 1 in Fighting
   555 | D:3      | Reached skill level 1 in Short Blades
   555 | D:3      | Reached skill level 1 in Long Blades
   555 | D:3      | Reached skill level 1 in Axes
   555 | D:3      | Reached skill level 1 in Maces & Flails
   555 | D:3      | Reached skill level 1 in Polearms
   555 | D:3      | Reached skill level 1 in Staves
   555 | D:3      | Reached skill level 1 in Slings
   555 | D:3      | Reached skill level 1 in Bows
   555 | D:3      | Reached skill level 1 in Crossbows
   555 | D:3      | Reached skill level 1 in Throwing
   555 | D:3      | Reached skill level 1 in Armour
   555 | D:3      | Reached skill level 1 in Shields
   555 | D:3      | Reached skill level 1 in Unarmed Combat
   555 | D:3      | Reached skill level 1 in Evocations
   588 | D:2      | Reached XP level 4. HP: 22/32 MP: 11/11
   623 | D:4      | Reached skill level 1 in Conjurations
   623 | D:4      | Reached skill level 1 in Hexes
   623 | D:4      | Reached skill level 1 in Charms
   623 | D:4      | Reached skill level 1 in Summonings
   623 | D:4      | Reached skill level 1 in Translocations
   623 | D:4      | Reached skill level 1 in Transmutations
   623 | D:4      | Reached skill level 1 in Fire Magic
   623 | D:4      | Reached skill level 1 in Ice Magic
   623 | D:4      | Reached skill level 1 in Air Magic
   623 | D:4      | Reached skill level 1 in Earth Magic
   623 | D:4      | Reached skill level 1 in Poison Magic
   625 | D:4      | Reached XP level 5. HP: 30/37 MP: 12/12
   648 | D:3      | Gained mutation: You are occasionally teleported next to monsters. [potion of mutation]
   648 | D:3      | Gained mutation: You possess an exceptional clarity of mind. [potion of mutation]
   648 | D:3      | Lost mutation: You possess an exceptional clarity of mind. [potion of mutation]
   648 | D:3      | Gained mutation: You have a pair of small antennae on your head. [potion of mutation]
   670 | D:3      | Learned a level 5 spell: Borgnjor's Vile Clutch
   710 | D:4      | Found a shimmering altar of Xom.
   711 | D:4      | Lost mutation: You are occasionally teleported next to monsters. [potion of mutation]
   711 | D:4      | Lost mutation: You have a pair of small antennae on your head. [potion of mutation]
   711 | D:4      | Gained mutation: You have a pair of small antennae on your head. [potion of mutation]
   711 | D:4      | Gained mutation: You are resistant to hostile enchantments. (MR+) [potion of mutation]
   711 | D:4      | Gained mutation: Your muscles are strong. (Str +2) [potion of mutation]
   772 | D:5      | Entered Level 5 of the Dungeon
   797 | D:5      | Found a deep blue altar of Sif Muna.
   820 | D:5      | Found Gaump's Armour Shop.
   821 | D:5      | Noticed an ogre
   840 | D:5      | Killed an ogre
   840 | D:5      | Reached skill level 2 in Invocations
   840 | D:5      | Reached XP level 6. HP: 44/44 MP: 12/14
   848 | D:5      | Bought a cursed +0 cloak for 45 gold pieces
   913 | D:4      | Noticed a phantom
   960 | D:5      | Found a staircase to the Ecumenical Temple.
   967 | D:5      | Reached skill level 2 in Fighting
   967 | D:5      | Reached skill level 2 in Short Blades
   967 | D:5      | Reached skill level 2 in Long Blades
   967 | D:5      | Reached skill level 2 in Axes
   967 | D:5      | Reached skill level 2 in Maces & Flails
   967 | D:5      | Reached skill level 2 in Polearms
   967 | D:5      | Reached skill level 2 in Staves
   967 | D:5      | Reached skill level 2 in Slings
   967 | D:5      | Reached skill level 2 in Bows
   967 | D:5      | Reached skill level 2 in Crossbows
   967 | D:5      | Reached skill level 2 in Throwing
   967 | D:5      | Reached skill level 2 in Armour
   967 | D:5      | Reached skill level 5 in Dodging
   967 | D:5      | Reached skill level 2 in Shields
   967 | D:5      | Reached skill level 2 in Unarmed Combat
   967 | D:5      | Reached skill level 2 in Evocations
   982 | Temple   | Entered the Ecumenical Temple
  1012 | Temple   | Became a worshipper of Cheibriados the Contemplative
  1059 | D:5      | Found a hazy altar of Hepliaklqana.
  1067 | D:5      | Reached XP level 7. HP: 50/50 MP: 15/15
  1087 | D:6      | Found Voil's Assorted Antiques.
  1093 | D:6      | Bought a scroll labeled ODIGGE ICYUBEA for 34 gold pieces
  1094 | D:6      | Got a scorched lajatang
  1095 | D:6      | Identified the +7 lajatang of Wyrd {venom, rF+} (You acquired it on level 6 of the Dungeon)
  1326 | D:6      | Reached skill level 5 in Stealth
  1326 | D:6      | Reached skill level 2 in Conjurations
  1326 | D:6      | Reached skill level 2 in Hexes
  1326 | D:6      | Reached skill level 2 in Charms
  1326 | D:6      | Reached skill level 2 in Summonings
  1326 | D:6      | Reached skill level 2 in Translocations
  1326 | D:6      | Reached skill level 2 in Transmutations
  1326 | D:6      | Reached skill level 2 in Fire Magic
  1326 | D:6      | Reached skill level 2 in Ice Magic
  1326 | D:6      | Reached skill level 2 in Air Magic
  1326 | D:6      | Reached skill level 2 in Earth Magic
  1326 | D:6      | Reached skill level 2 in Poison Magic
  1326 | D:6      | Reached skill level 3 in Invocations
  1349 | D:6      | Reached XP level 8. HP: 23/57 MP: 14/16
  1453 | D:6      | Found a glowing drain.
  1459 | Sewer    | Entered a sewer
  1465 | Sewer    | Reached skill level 3 in Fighting
  1465 | Sewer    | Reached skill level 3 in Short Blades
  1465 | Sewer    | Reached skill level 3 in Long Blades
  1465 | Sewer    | Reached skill level 3 in Axes
  1465 | Sewer    | Reached skill level 3 in Maces & Flails
  1465 | Sewer    | Reached skill level 3 in Polearms
  1465 | Sewer    | Reached skill level 3 in Staves
  1465 | Sewer    | Reached skill level 3 in Slings
  1465 | Sewer    | Reached skill level 3 in Bows
  1465 | Sewer    | Reached skill level 3 in Crossbows
  1465 | Sewer    | Reached skill level 3 in Throwing
  1465 | Sewer    | Reached skill level 3 in Armour
  1465 | Sewer    | Reached skill level 3 in Shields
  1465 | Sewer    | Reached skill level 3 in Unarmed Combat
  1465 | Sewer    | Reached skill level 3 in Evocations
  1520 | Sewer    | Noticed Purgy
  1524 | Sewer    | Killed Purgy
  1524 | Sewer    | Reached * piety under Cheibriados
  1661 | D:6      | Got a faintly glowing hand axe
  1663 | D:6      | Identified the +7 hand axe of Calamity {pain, *Rage rF+ rC++ Int+4} (You found it on level 6 of the Dungeon)
  1672 | D:6      | Reached skill level 6 in Spellcasting
  1775 | D:8      | You fall through a shaft for 2 floors!
  1775 | D:10     | Entered Level 10 of the Dungeon
  1860 | D:11     | Reached skill level 6 in Dodging
  1860 | D:11     | Reached skill level 3 in Conjurations
  1860 | D:11     | Reached skill level 3 in Hexes
  1860 | D:11     | Reached skill level 3 in Charms
  1860 | D:11     | Reached skill level 3 in Summonings
  1860 | D:11     | Reached skill level 3 in Translocations
  1860 | D:11     | Reached skill level 3 in Transmutations
  1860 | D:11     | Reached skill level 3 in Fire Magic
  1860 | D:11     | Reached skill level 3 in Ice Magic
  1860 | D:11     | Reached skill level 3 in Air Magic
  1860 | D:11     | Reached skill level 3 in Earth Magic
  1860 | D:11     | Reached skill level 3 in Poison Magic
  1860 | D:11     | Reached skill level 4 in Invocations
  1860 | D:11     | Reached XP level 9. HP: 60/65 MP: 14/18
  1941 | D:11     | Reached ** piety under Cheibriados
  1941 | D:11     | Reached skill level 4 in Fighting
  1941 | D:11     | Reached skill level 4 in Short Blades
  1941 | D:11     | Reached skill level 4 in Long Blades
  1941 | D:11     | Reached skill level 4 in Axes
  1941 | D:11     | Reached skill level 4 in Maces & Flails
  1941 | D:11     | Reached skill level 4 in Polearms
  1941 | D:11     | Reached skill level 4 in Staves
  1941 | D:11     | Reached skill level 4 in Slings
  1941 | D:11     | Reached skill level 4 in Bows
  1941 | D:11     | Reached skill level 4 in Crossbows
  1941 | D:11     | Reached skill level 4 in Throwing
  1941 | D:11     | Reached skill level 4 in Armour
  1941 | D:11     | Reached skill level 4 in Shields
  1941 | D:11     | Reached skill level 4 in Unarmed Combat
  1941 | D:11     | Reached skill level 4 in Evocations
  1956 | D:11     | Learned a level 2 spell: Sticks to Snakes
  2027 | D:12     | Reached skill level 6 in Stealth
  2027 | D:12     | Reached skill level 8 in Necromancy
  2084 | D:12     | Found Tounoodo's Distillery.
  2091 | D:12     | Bought a potion of ambrosia for 112 gold pieces
  2210 | D:11     | Noticed a troll
  2214 | D:11     | Killed a troll
  2225 | D:11     | Reached skill level 5 in Invocations
  2240 | D:11     | Noticed a brown ugly thing
  2248 | D:11     | Killed a brown ugly thing
  2248 | D:11     | Reached skill level 7 in Spellcasting
  2248 | D:11     | Reached skill level 4 in Conjurations
  2248 | D:11     | Reached skill level 4 in Hexes
  2248 | D:11     | Reached skill level 4 in Charms
  2248 | D:11     | Reached skill level 4 in Summonings
  2248 | D:11     | Reached skill level 4 in Translocations
  2248 | D:11     | Reached skill level 4 in Transmutations
  2248 | D:11     | Reached skill level 4 in Fire Magic
  2248 | D:11     | Reached skill level 4 in Ice Magic
  2248 | D:11     | Reached skill level 4 in Air Magic
  2248 | D:11     | Reached skill level 4 in Earth Magic
  2248 | D:11     | Reached skill level 4 in Poison Magic
  2248 | D:11     | Reached XP level 10. HP: 34/73 MP: 16/20
  2296 | D:11     | Noticed Sonja
  2301 | D:11     | Killed Sonja
  2301 | D:11     | Reached skill level 5 in Fighting
  2301 | D:11     | Reached skill level 5 in Short Blades
  2301 | D:11     | Reached skill level 5 in Long Blades
  2301 | D:11     | Reached skill level 5 in Axes
  2301 | D:11     | Reached skill level 5 in Maces & Flails
  2301 | D:11     | Reached skill level 5 in Polearms
  2301 | D:11     | Reached skill level 5 in Staves
  2301 | D:11     | Reached skill level 5 in Slings
  2301 | D:11     | Reached skill level 5 in Bows
  2301 | D:11     | Reached skill level 5 in Crossbows
  2301 | D:11     | Reached skill level 5 in Throwing
  2301 | D:11     | Reached skill level 5 in Armour
  2301 | D:11     | Reached skill level 5 in Shields
  2301 | D:11     | Reached skill level 5 in Unarmed Combat
  2301 | D:11     | Reached skill level 5 in Evocations
  2318 | D:11     | Reached *** piety under Cheibriados
  2347 | D:10     | Reached skill level 7 in Dodging
  2362 | D:9      | Found a radiant altar of Vehumet.
  2399 | D:9      | Noticed tidbits's ghost (novice GnNe)
  2434 | D:9      | Killed tidbits's ghost
  2514 | D:9      | Found a staircase to the Orcish Mines.
  2557 | Orc:1    | Entered Level 1 of the Orcish Mines
  2578 | Orc:1    | Reached skill level 6 in Invocations
  2584 | Orc:1    | Reached skill level 7 in Stealth
  2626 | Orc:2    | Entered Level 2 of the Orcish Mines
  2645 | Orc:2    | Noticed Snorg
  2651 | Orc:2    | Noticed a cyclops
  2654 | Orc:2    | Killed Snorg
  2654 | Orc:2    | Reached XP level 11. HP: 67/81 MP: 15/22
  2661 | Orc:2    | Killed a cyclops
  2664 | Orc:2    | Reached **** piety under Cheibriados
  2672 | Orc:2    | Found Owna's Antique Weapon Shoppe.
  2687 | Orc:2    | Found a staircase to the Elven Halls.
  2703 | Orc:2    | Found Faumesi's Food Shoppe.
  2734 | Orc:2    | Bought a glowing war axe for 117 gold pieces
  2749 | Orc:2    | Reached skill level 6 in Fighting
  2749 | Orc:2    | Reached skill level 6 in Short Blades
  2749 | Orc:2    | Reached skill level 6 in Long Blades
  2749 | Orc:2    | Reached skill level 6 in Axes
  2749 | Orc:2    | Reached skill level 6 in Maces & Flails
  2749 | Orc:2    | Reached skill level 6 in Polearms
  2749 | Orc:2    | Reached skill level 6 in Staves
  2749 | Orc:2    | Reached skill level 6 in Slings
  2749 | Orc:2    | Reached skill level 6 in Bows
  2749 | Orc:2    | Reached skill level 6 in Crossbows
  2749 | Orc:2    | Reached skill level 6 in Throwing
  2749 | Orc:2    | Reached skill level 6 in Armour
  2749 | Orc:2    | Reached skill level 6 in Shields
  2749 | Orc:2    | Reached skill level 6 in Unarmed Combat
  2749 | Orc:2    | Reached skill level 6 in Evocations
  2755 | Orc:2    | Noticed an orc knight
  2773 | Orc:2    | Noticed a soul eater
  2773 | Orc:2    | Noticed an orc high priest
  2774 | Orc:2    | Noticed a sun demon
  2775 | Orc:2    | Killed an orc high priest
  2775 | Orc:2    | Reached skill level 5 in Conjurations
  2775 | Orc:2    | Reached skill level 5 in Hexes
  2775 | Orc:2    | Reached skill level 5 in Charms
  2775 | Orc:2    | Reached skill level 5 in Summonings
  2775 | Orc:2    | Reached skill level 5 in Translocations
  2775 | Orc:2    | Reached skill level 5 in Transmutations
  2775 | Orc:2    | Reached skill level 5 in Fire Magic
  2775 | Orc:2    | Reached skill level 5 in Ice Magic
  2775 | Orc:2    | Reached skill level 5 in Air Magic
  2775 | Orc:2    | Reached skill level 5 in Earth Magic
  2775 | Orc:2    | Reached skill level 5 in Poison Magic
  2782 | Orc:2    | Killed an orc knight
  2782 | Orc:2    | Reached skill level 8 in Spellcasting
  2809 | Orc:2    | Noticed an orc knight
  2810 | Orc:2    | Noticed an orc knight
  2810 | Orc:2    | Noticed an orc high priest
  2810 | Orc:2    | Noticed an orc high priest
  2812 | Orc:2    | Noticed an orc knight
  2815 | Orc:2    | Noticed an orc knight
  2816 | Orc:2    | Noticed a sun demon
  2819 | Orc:2    | Noticed a soul eater
  2892 | Orc:2    | Noticed an orc sorcerer
  2893 | Orc:2    | Noticed an orc knight
  2895 | Orc:2    | Paralysed by an orc sorcerer for 2 turns
  2898 | Orc:2    | Killed an orc sorcerer
  2904 | Orc:2    | Killed an orc knight
  2970 | Orc:2    | Found Zuabyre's Antique Armour Emporium.
  3013 | Orc:2    | Found Iwo Xosh's Magic Scroll Emporium.
  3024 | Orc:1    | Noticed an orc high priest
  3031 | Orc:1    | Killed an orc high priest
  3031 | Orc:1    | Reached skill level 8 in Dodging
  3031 | Orc:1    | Reached skill level 9 in Necromancy
  3031 | Orc:1    | Reached skill level 7 in Invocations
  3104 | Orc:2    | Bought a scroll of magic mapping for 35 gold pieces
  3104 | Orc:2    | Bought a scroll of immolation for 35 gold pieces
  3104 | Orc:2    | Bought a scroll of identify for 20 gold pieces
  3104 | Orc:2    | Bought a scroll of identify for 20 gold pieces
  3104 | Orc:2    | Bought a scroll of identify for 20 gold pieces
  3199 | Orc:2    | Noticed an orc high priest
  3205 | Orc:2    | Killed an orc high priest
  3205 | Orc:2    | Killed an orc high priest
  3210 | Orc:2    | Reached skill level 8 in Stealth
  3215 | Orc:2    | Noticed a sun demon
  3215 | Orc:2    | Reached XP level 12. HP: 20/89 MP: 16/24
  3216 | Orc:2    | HP: 8/89 [orc high priest/divine providence (13)]
  3218 | Orc:2    | HP: 3/89 [red devil/trident[an orc high priest] (6)]
  3219 | Orc:2    | Killed from afar by an orc high priest

Skill      XL: |  1  2  3  4  5  6  7  8  9 10 11 |
---------------+----------------------------------+-----
Spellcasting   | 5 6 7 8 |  8.4
Invocations    | 1 2 3 4 5 6 7 |  7.3
Fighting       | 1 2 3 4 5 6 |  6.7
Short Blades   | 1 2 3 4 5 6 |  6.7
Long Blades    | 1 2 3 4 5 6 |  6.7
Axes           | 1 2 3 4 5 6 |  6.7
Maces & Flails | 1 2 3 4 5 6 |  6.7
Polearms       | 1 2 3 4 5 6 |  6.7
Staves         | 1 2 3 4 5 6 |  6.7
Slings         | 1 2 3 4 5 6 |  6.7
Bows           | 1 2 3 4 5 6 |  6.7
Crossbows      | 1 2 3 4 5 6 |  6.7
Throwing       | 1 2 3 4 5 6 |  6.7
Armour         | 1 2 3 4 5 6 |  6.7
Shields        | 1 2 3 4 5 6 |  6.7
Unarmed Combat | 1 2 3 4 5 6 |  6.7
Evocations     | 1 2 3 4 5 6 |  6.7
Conjurations   | 1 2 3 4 5 |  5.5
Hexes          | 1 2 3 4 5 |  5.5
Charms         | 1 2 3 4 5 |  5.5
Summonings     | 1 2 3 4 5 |  5.5
Translocations | 1 2 3 4 5 |  5.5
Transmutations | 1 2 3 4 5 |  5.5
Fire Magic     | 1 2 3 4 5 |  5.5
Ice Magic      | 1 2 3 4 5 |  5.5
Air Magic      | 1 2 3 4 5 |  5.5
Earth Magic    | 1 2 3 4 5 |  5.5
Poison Magic   | 1 2 3 4 5 |  5.5
Dodging        | 5 6 7 8 |  8.2
Stealth        | 5 6 7 8 |  8.0
Necromancy     | 8 9 |  9.1

Action                   |  1- 3 |  4- 6 |  7- 9 | 10-12 || total
-------------------------+-------+-------+-------+-------++-------
Melee: Dagger            |    26 |    39 |     2 |     1 ||    68
       Short sword       |     1 |    12 |       |       ||    13
       Bite              |     5 |     7 |    26 |    17 ||    55
       Punch             |       |     1 |       |     2 ||     3
       Lajatang          |       |       |   138 |    90 ||   228
       Hand axe          |       |       |    25 |    37 ||    62
 Cast: Pain              |    42 |     2 |     2 |     9 ||    55
       Regeneration      |     1 |       |     6 |     9 ||    16
       Vampiric Draining |       |     3 |     1 |       ||     4
       Apportation       |       |       |    12 |    36 ||    48
       Sticks to Snakes  |       |       |       |     2 ||     2
       Borgnjor's Vile C |       |       |       |     5 ||     5
       Animate Skeleton  |       |       |       |     2 ||     2
Invok: Bend Time         |       |       |     2 |     1 ||     3
       Slouch            |       |       |       |     5 ||     5
Evoke: Wand              |       |       |     2 |    14 ||    16
  Use: Scroll            |     3 |     6 |     9 |     5 ||    23
       Potion            |     1 |     5 |     2 |     2 ||    10
 Stab: Sleeping          |     4 |     5 |     5 |     2 ||    16
  Eat: Chunk             |       |     1 |     2 |     2 ||     5
       Ration            |       |       |     2 |     1 ||     3
Armor: Robe              |    11 |    10 |    12 |       ||    33
       Troll leather arm |       |       |    37 |    33 ||    70
Dodge: Dodged            |    17 |    45 |   133 |   179 ||   374

Table legend:
 A = Turns spent in this place as a percentage of turns spent in the entire game.
 B = Non-inter-level travel turns spent in this place as a percentage of non-inter-level travel turns spent in the entire game.
 C = Inter-level travel turns spent in this place as a percentage of turns spent in this place.
 D = Turns resting spent in this place as a percentage of non-inter-level travel turns spent in this place.
 E = Turns spent auto-exploring this place as a percentage of non-inter-level travel turns spent in this place.
 F = Non-inter-level travel turns spent in this place divided by the number of levels of this place that you've seen.
                   A       B       C       D       E      F
               +-------+-------+-------+-------+-------+----------------------
         Total | 100.0 | 100.0 |   3.7 |   0.0 |   0.0 | 193.7
       Dungeon |  74.0 |  73.9 |   3.9 |   0.0 |   0.0 | 190.8
        Temple |   1.9 |   1.0 |  46.7 |   0.0 |   0.0 |  32.0
  Orcish Mines |  20.6 |  21.4 |   0.0 |   0.0 |   0.0 | 331.0
         Sewer |   3.6 |   3.7 |   0.0 |   0.0 |   0.0 | 115.0
               +-------+-------+-------+-------+-------+----------------------

Table legend:
 A = Kills in this place as a percentage of kills in entire the game.
 B = Kills by you in this place as a percentage of kills by you in the entire game.
 C = Kills by friends in this place as a percentage of kills by friends in the entire game.
 D = Other kills in this place as a percentage of other kills in the entire game.
 E = Experience gained in this place as a percentage of experience gained in the entire game.
 F = Experience gained in this place divided by the number of levels of this place that you have seen.
                   A       B       C       D       E      F
               +-------+-------+-------+-------+-------+----------------------
         Total | 100.0 | 100.0 | 100.0 | 100.0 | 100.0 | 1149.8
       Dungeon |  58.0 |  59.6 |   0.0 |  50.0 |  40.8 | 625.4
  Orcish Mines |  40.3 |  38.7 | 100.0 |  50.0 |  58.4 | 5372.0
         Sewer |   1.6 |   1.7 |   0.0 |   0.0 |   0.8 | 148.0
               +-------+-------+-------+-------+-------+----------------------

Vault maps used:
D:1:      noname_arrival_rooms_in_the_neighbourhood, minmay_misc_feat_rows
D:2:      serial_forest, infiniplex_forest_straight_2,
          infiniplex_forest_clump_double, infiniplex_forest_clump_C,
          infiniplex_forest_lined_3_way, infiniplex_forest_lined_ring,
          infiniplex_forest_diagonal, infiniplex_forest_clump_large
D:3:      nrook_mini_vaults
D:4:      minmay_wonky_spiral, xom_teletrap_fun, bloody_trog, first_ration,
          bh_walls_and_bars
D:5:      lemuel_blue_sif_altar, temple_hall, basic_altar, serial_shops, shop
D:6:      nicolae_qazlal_eye_of_the_storm, serial_shops, nicolae_shop_trees,
          gup_sewer_entry_bubbles
D:7:      kennysheep_mini_moat, grunt_temple_overflow_open,
          gammafunk_temple_overflow_pools, serial_shops, shop, basic_altar,
          cheibrodos_ashenzari_chains, uniq_joseph
D:8:      nicolae_dithmenos_shadow_blocks, minmay_lair_entry_grove,
          david_nohive_1, zaba_anthell
D:9:      vehumet_altar_wand_db, zin_scriptorium, david_orc_2,
          minmay_misc_feat_nine_boxes, nemelex_diamond_rough_becter,
          uniq_prince_ribbit1
D:10:     nicolae_trove_entry_path_of_doom, minmay_unpleasant_kobolds, uniq_grum
D:11:     uniq_erolcha, uniq_sonja
D:12:     serial_shops, kennysheep_little_box, lightli_corner_chamber
Temple:   jpeg_temple_alley_garden
Orc:2:    st_orc_pillars, serial_shops, shop, shop_statue, shop, shop,
          uniq_snorg
Sewer:    kennysheep_door_sewer
